AoeStats
← Bu7

Glade

510519462Analyzed
1v1 RM · 21h ago on Oct 1, 2026· 17m 6s· 2 players
Game mode
Random Map
Map size
Tiny (2 player)
Population
200
Speed
Normal
Resources
Standard
Victory
Conquest
Starting age
Dark Age
Ending age
Imperial Age
RankedLock teamsTeams togetherTeam positionsShared explorationLock speedFull tech treeHidden civsTurbo modeCheats
Victory
Defeat
🇹🇷 Spanish · Türkiye
879
+17
🇫🇷 Franks · France
895
-17
Bu7
2:59 Loom
10:55 Feudal Age
11:23 Double-Bit Axe
11:21 Horse Collar
11:58 Man-at-Arms
15:18 Town Watch
15:28 Gold Mining
15:30 Stone Mining
Rollertoto
10:08 Feudal Age
9:48 Loom
14:38 Castle Age
Connection lost

Rejoining the realm…

Still unreachable

The connection could not be restored.

Session expired

The server has moved on; the page needs a fresh start.